AoeStats
← XocinX

Four Lakes

503193601Analyzed
2v2 RM · 11d ago on Aug 30, 2026· 65m 32s· 4 players
Game mode
Random Map
Map size
Medium (4 player)
Population
200
Speed
Normal
Resources
Standard
Victory
Conquest
Starting age
Dark Age
Ending age
Imperial Age
RankedLock teamsTeams togetherTeam positionsShared explorationLock speedFull tech treeHidden civsTurbo modeCheats
Victory
Defeat
🇫🇷 Japanese · France
1030
+16
🇫🇷 Spanish · France
1026
+16
🇩🇪 Cumans · Germany
1047
-17
🇩🇪 Franks · Germany
1006
-15
Flammendes Käthchen
13:10 Feudal Age
14:19 Loom
17:07 Castle Age
15:14 Double-Bit Axe
15:34 Fishing Lines
17:58 Town Watch
18:16 Town Watch
19:20 Wheelbarrow
28:54 Forging
28:35 Fletching
28:51 Scale Barding Armor
30:15 Iron Casting
31:14 Chain Barding Armor
34:44 Imperial Age
34:07 Murder Holes
35:37 Cavalier
37:34 Ballistics
38:44 Plate Barding Armor
38:42 Bodkin Arrow
51:53 Conscription
52:04 Chivalry
54:13 Scale Mail Armor
58:15 Caravan
60:57 Husbandry
XocinX
5:32 Loom
11:40 Feudal Age
12:18 Double-Bit Axe
15:46 Wheelbarrow
16:59 Fishing Lines
23:25 Castle Age
23:08 Bloodlines
23:19 Scale Barding Armor
26:49 Elite Skirmisher
42:31 Imperial Age
40:17 Hand Cart
41:00 Light Cavalry
43:55 Bow Saw
47:05 Hussar
52:02 Pikeman
54:11 Fletching
54:42 Chain Barding Armor
54:32 Forging
Bontar0
8:36 Loom
10:48 Feudal Age
12:00 Double-Bit Axe
17:01 Castle Age
16:19 Fishing Lines
17:36 Wheelbarrow
16:46 Town Watch
19:55 Bow Saw
23:36 Horse Collar
25:45 Hand Cart
26:08 Gillnets
27:05 Pikeman
28:10 Forging
28:00 Scale Mail Armor
32:38 Imperial Age
30:20 Squires
30:06 Arson
31:48 Iron Casting
31:28 Chain Mail Armor
31:50 Town Patrol
32:28 Scale Barding Armor
32:41 Gambesons
34:03 Halberdier
36:35 Clinker Construction
37:54 Bloodlines
37:44 Husbandry
37:56 Cavalier
38:47 Gold Mining
38:48 Stone Mining
40:19 Chain Barding Armor
40:30 Plate Mail Armor
42:39 Blast Furnace
42:00 Chain Barding Armor
42:56 Kataparuto
42:24 Elite Samurai
46:23 Gold Shaft Mining
49:06 Ballistics
49:46 Chemistry
56:49 Yasama
57:15 Fletching
57:25 Padded Archer Armor
62:47 Bodkin Arrow
63:08 Leather Archer Armor
63:15 Careening
63:27 Carvel Hull
Yoann
12:45 Feudal Age
14:49 Stone Mining
14:47 Double-Bit Axe
18:19 Castle Age
19:47 Wheelbarrow
23:24 Gold Mining
24:26 Loom
24:56 Hand Cart
28:55 Pikeman
33:05 Ballistics
41:29 Imperial Age
43:30 Elite Conquistador
51:25 Conscription
52:13 Bow Saw
52:20 Bloodlines
65:26 Two-Man Saw
64:45 Husbandry
64:52 Scale Barding Armor
64:58 Forging
Connection lost

Rejoining the realm…

Still unreachable

The connection could not be restored.

Session expired

The server has moved on; the page needs a fresh start.